 Dungeon Crawl Stone Soup version 0.31.0-12-g77e489cdc1 (webtiles) character file.

Game seed: 17135900407526232799

16 booth the Chopper (level 2, -2/22 HPs)
             Began as a Demonspawn Gladiator on Feb 29, 2024.
             Was a Believer of Lugonu.
             Slain by a freezing wraith (11 damage)
             ... summoned by a worldbinder
             ... on level 1 of the Abyss.
             The game lasted 00:05:19 (631 turns).

booth the Chopper (Demonspawn Gladiator)             Turns: 631, Time: 00:05:20

Health: -2/22      AC:  3    Str: 14    XL:     2   Next: 37%
Magic:  2/2        EV: 12    Int:  8    God:    Lugonu [**....]
Gold:   30         SH:  0    Dex: 14    Spells: 1/1 levels left

rFire   . . .        a - +0 war axe
rCold   . . .        (no shield)
rNeg    . . .        b - +0 leather armour
rPois   .            (helmet restricted)
rElec   .            (no cloak)
rCorr   .            (no gloves)
SInv    .            (no boots)
Will    .....        (no amulet)
Stlth   +            (no ring)
HPRegen 0.23/turn    (no ring)
MPRegen 0.08/turn

%: no passive effects
@: no status effects
A: horns 1
a: Renounce Religion, Depart the Abyss, Banish


You were on level 1 of the Abyss.
You worshipped Lugonu.
Lugonu was pleased with you.
You visited 1 branch of the dungeon, and saw 1 of its levels.
You visited the Abyss 1 time.

You collected 30 gold pieces.

Inventory:

Hand Weapons
 a - a +0 war axe (weapon)
 g - a +0 mace
Missiles
 e - a javelin
Armour
 b - a +0 leather armour (worn)
Scrolls
 f - a scroll of poison
 h - a scroll of identify {unknown}
 i - a scroll of torment {unknown}
 j - a scroll of teleportation {unknown}


   Skills:
 + Level 2.2 Fighting
 * Level 3.0 Axes
 + Level 2.0 Throwing
 + Level 2.8 Dodging


You had one spell level left.
You didn't know any spells.
Your spell library contained the following spells:

 Spells                   Type           Power      Damage    Failure   Level
 Apportation              Tloc           0%         N/A       50%         1
 Jinxbite                 Hex            0%         N/A       63%         2
 Alistair's Intoxication  Alch           0%         N/A       100%        5


Dungeon Overview and Level Annotations

Branches:
Dungeon (1/15)

Altars:


Innate Abilities, Weirdness & Mutations

You have a pair of small horns on your head.


Message History

You hit the kobold but do no damage.
The kobold struggles against the net.
You hit the kobold. You headbutt the kobold.
The kobold is severely wounded.
The kobold struggles against the net.
The net rips apart, and the kobold comes free!
The kobold hits you but does no damage. Space warps horribly around you!!
Ouch! That really hurt!
* * * LOW HITPOINT WARNING * * *
You closely miss the kobold.
The kobold is severely wounded.
The kobold misses you.
Throw: throwing net
Press: ? - help, Q - select action, (/) - cycle Shift-Dir - straight line, f/p - kobold
Aim: a kobold, wielding a +0 dagger of distortion (severely wounded, 50% to hit)
You throw a throwing net.
The throwing net barely misses the kobold.
The kobold hits you with a +0 dagger of distortion.
* * * LOW HITPOINT WARNING * * *
You are cast into the Abyss!
To return, you must find a gate leading back.
Killing monsters will force the Abyss to allow you passage.
This branch contains the abyssal rune of Zot.
Found a corrupted altar of Lugonu.
You start resting.
A worldbinder comes into view.
The worldbinder calls forth creatures from the Crypt!
There is a corrupted altar of Lugonu here.
You kneel at the altar of Lugonu.
Lugonu welcomes you!
You can now depart the Abyss.
You can now banish your foes.
The worldbinder calls forth creatures from the Crypt!
You aren't carrying any potions.
The air fills with toxic fumes!
As you read the scroll labelled DOINU FORIOF, it crumbles to dust.
It was a scroll of poison.
The freezing wraith disappears in a puff of smoke!
The skeletal warrior disappears in a puff of smoke!
The freezing wraith hits you!
Ouch! That really hurt!
You die...

#........
#§§§§....
#§§§..... ..
#§§§.....
.#.####§§.x....
.....§§§§ ## ∩.
......§.#.#
.##.###x#.# #
#W@# # #§§#
##§# #§§ §§§
#§#§ §##§ § §§


You could see a freezing wraith (summoned) and a worldbinder.

Vanquished Creatures
  A dart slug (D:1)
  2 bats (D:1)
  A giant cockroach (D:1)
  A goblin (D:1)
  3 hobgoblins (D:1)
  A quokka (D:1)
  2 kobolds (D:1)
  2 rats (D:1)
13 creatures vanquished.

Notes
Turn   | Place    | Note
-------+----------+-------------------------------------------
     0 | D:1      | booth the Demonspawn Gladiator began the quest for the Orb.
     0 | D:1      | Reached XP level 1. HP: 16/16 MP: 1/1
   159 | D:1      | Found a faded altar of an unknown god.
   287 | D:1      | Gained mutation: You have a pair of small horns on your
                  | head. [demonic ancestry]
   287 | D:1      | Reached XP level 2. HP: 18/22 MP: 2/2
   386 | D:1      | Reached skill level 3 in Axes
   603 | Abyss:1  | Found a corrupted altar of Lugonu.
   603 | Abyss:1  | Cast into level 1 of the Abyss (kobold)
   625 | Abyss:1  | Noticed a worldbinder
   628 | Abyss:1  | Noticed a freezing wraith
   628 | Abyss:1  | Noticed a skeletal warrior
   630 | Abyss:1  | Became a worshipper of Lugonu the Unformed
   630 | Abyss:1  | Reached * piety under Lugonu
   630 | Abyss:1  | Reached ** piety under Lugonu
   631 | Abyss:1  | Noticed a freezing wraith
   631 | Abyss:1  | Slain by a freezing wraith

Illustrated notes

Levels and vault maps discovered:
D:1:      ebering_hopf_link, layout_basic, basic_ecumenical_altar,
          chequers_avenue, dk_noncrumbling_2, minmay_pentomino_x2
Abyss:1:  base:
D:1

Skill      XL: |  1  2 |
---------------+-------+-----
Axes           | 3 |  3.0
Throwing       | 2 |  2.0
Fighting       | |  2.2
Dodging        | |  2.8

Action                     || total
---------------------------++-------
  Melee: War axe           ||    32
         Headbutt          ||     5
  Throw: Throwing net      ||     3
    Use: Scroll            ||     1
 Armour: Leather armour    ||    16
  Dodge: Dodged            ||    15
